 Dungeon Crawl Stone Soup version 0.16.0-8-gd9ae3a8 (webtiles) character file.

361 RobertPalmer the Caller (level 6, 0/36 HPs)
             Began as an Octopode Summoner on Mar 16, 2015.
             Succumbed to a worker ant's poison
             ... on level 3 of the Dungeon.
             The game lasted 00:09:21 (4074 turns).

RobertPalmer the Caller (Octopode Summoner)         Turns: 4074, Time: 00:09:22

Health: 0/36       AC:  1    Str:  9    XL:     6   Next: 66%
Magic:  7/10       EV: 14    Int: 23    God:
Gold:   144        SH:  0    Dex: 14    Spells: 2 memorised, 2 levels left

rFire  . . .     SeeInvis .     a - +3 dagger (elec)
rCold  . . .     Clarity  .     (no shield)
rNeg   . . .     SustAb   .     (helmet restricted)
rPois  .         Gourm    .     (no amulet)
rElec  .         Spirit   .     f - +2 ring of evasion
rCorr  .         Warding  .     (no ring)
rMut   .         Stasis   .     (no ring)
MR     .....                    (no ring)
Stlth  +++.......               (no ring)
                                (no ring)
                                (no ring)
                                (no ring)

@: brilliant, lethally poisoned (0 -> -3), very slightly contaminated, invisible
(expiring), not resistant to hostile enchantments, fairly stealthy
A: almost no armour, amphibious, 8 rings, constrict 8, camouflage 1, strong 1,
gelatinous body 1
a: no special abilities


You were on level 3 of the Dungeon.
You were not hungry.

You visited 1 branch of the dungeon, and saw 4 of its levels.

You collected 144 gold pieces.

Inventory:

Hand weapons
 a - a +3 dagger of electrocution (weapon)
   (You took it off a goblin on level 1 of the Dungeon)
 b - a +0 blowgun
   (You took it off a kobold on level 3 of the Dungeon)
Missiles
 l - 8 poisoned needles
Jewellery
 f - a +2 ring of evasion (left tentacle)
   (You found it on level 1 of the Dungeon)
Scrolls
 m - a scroll of enchant armour
 q - a scroll of remove curse {unknown}
Potions
 e - a potion of restore abilities
 h - 2 potions of agility
Books
 k - a book of Callings
Comestibles
 c - 2 bread rations
 p - a chunk of flesh


   Skills:
 + Level 4.6 Short Blades
 - Level 2.0 Dodging
 - Level 2.6 Stealth
 - Level 2.0 Spellcasting
 - Level 6.0 Summonings


You had 2 spell levels left.
You knew the following spells:

 Your Spells              Type           Power        Failure   Level  Hunger
a - Call Canine Familiar  Summ           #####...     1%          3    ###....
b - Summon Ice Beast      Ice/Summ       ####....     4%          4    #####..


Dungeon Overview and Level Annotations

Branches:
Dungeon (4/15)
 Temple: D:4-7

Altars:
Dithmenos

Annotations:
D:2 exclusion: Terence, Terence
D:4 RobertPalmer's ghost, average OpHu


Innate Abilities, Weirdness & Mutations

You cannot wear most types of armour.
You are amphibious.
You can wear up to eight rings at the same time.
You can use your tentacles to constrict many enemies at once.
Your skin changes colour to match your surroundings (Stealth).
Your rubbery body absorbs attacks (AC +1).
Your muscles are strong. (Str +2)


Message History

Your hound bites the worker ant.
The worker ant bites you.
Your hound bites the worker ant but does no damage.
You climb upwards.
There is a stone staircase leading down here.
Firing (i - inventory):
l - 11 poisoned needles (quivered)
Press: ? - help, Shift-Dir - straight line, f - worker ant
Aim: a worker ant (moderately wounded)
You shoot a poisoned needle.
The poisoned needle closely misses the worker ant.
The worker ant bites you!
You are poisoned.
The worker ant poisons you!
Firing (i - inventory):
l - 10 poisoned needles (quivered)
Press: ? - help, Shift-Dir - straight line, f/p - worker ant
Aim: a worker ant (moderately wounded)
You shoot a poisoned needle.
The poisoned needle barely misses the worker ant.
You feel sick. The worker ant closely misses you.
Firing (i - inventory):
l - 9 poisoned needles (quivered)
Press: ? - help, Shift-Dir - straight line, f/p - worker ant
Aim: a worker ant (lightly wounded)
You shoot a poisoned needle.
The poisoned needle hits the worker ant.
The worker ant is poisoned.
The worker ant is lightly wounded.
The worker ant bites you.
You are more poisoned.
The worker ant poisons you!
You feel sick. The worker ant misses you.
You feel sick.
You feel sick.
You hear the crackle of electricity.
a - a +3 dagger of electrocution (weapon)
The worker ant bites you.
* * * LOW HITPOINT WARNING * * *
Drink which item? (? for menu, Esc to quit)
It was a potion of agility.
You feel agile all of a sudden.
* * * LOW HITPOINT WARNING * * *
You feel sick. The worker ant bites you.
* * * LOW HITPOINT WARNING * * *
Drink which item? (? for menu, Esc to quit)
It was a potion of restore abilities.
You feel refreshed.
The worker ant looks more healthy.
The worker ant misses you.
Drink which item? (? for menu, Esc to quit)
It was a potion of cancellation.
Your magical effects are unravelling.
You feel magically purged.
You feel a little less agile now.
* * * LOW HITPOINT WARNING * * *
You feel sick. The worker ant barely misses you.
Drink which item? (? for menu, Esc to quit)
It was a potion of invisibility.
You fade into invisibility!
The worker ant barely misses you.
You are very lightly contaminated with residual magic.
Drink which item? (? for menu, Esc to quit)
It was a potion of brilliance.
You feel clever all of a sudden.
* * * LOW HITPOINT WARNING * * *
You feel sick. The worker ant closely misses you.
The worker ant closely misses you.
Drink which item? (? for menu, Esc to quit)
It was a potion of cure mutation.
It has a very clean taste.
The worker ant misses you.
Drink which item? (? for menu, Esc to quit)
It was a potion of curing.
You feel better. The worker ant closely misses you.
You barely miss the worker ant. Your grab misses the worker ant.
The worker ant is almost dead.
The worker ant bites you!
* * * LOW HITPOINT WARNING * * *
You are lethally poisoned!
The worker ant poisons you!
You hit the worker ant.
You kill the worker ant!
* * * LOW HITPOINT WARNING * * *
You feel sick.
Drink which item? (? for menu, Esc to quit)
It was a potion of beneficial mutation.
You feel stronger.
You feel fantastic!
* * * LOW HITPOINT WARNING * * *
You feel sick.
You see here a worker ant corpse.
* * * LOW HITPOINT WARNING * * *
You feel sick.
There is a stone staircase leading down here.
* * * LOW HITPOINT WARNING * * *
You feel sick.
You see here a poisoned needle.
You see here 2 poisoned needles.
* * * LOW HITPOINT WARNING * * *
You feel sick.
You see here a poisoned needle.
There is a stone staircase leading down here.
You flicker for a moment.
* * * LOW HITPOINT WARNING * * *
You feel sick.
You see here a worker ant corpse.
You die...

#...# #.#.# #.#.#
##########.#.####
#..........#.(..#
#.##########....## #######
#.# #....## #.....# #.#
#.....' #.....# #@# ##...##
#.....# #.# #...## #.....#
#.# ###### #.....# #†# #
#.....# #.################
#.....# #>................
#.....####(.........)......
#.........(................
####.######################


There were no monsters in sight!

Vanquished Creatures
  A crimson imp (D:3)
  A worker ant (D:3)
  Ijyb (D:2)
  3 adders
  5 gnolls (D:4)
  2 worms
  4 giant geckos
  An ooze (D:1)
  3 orcs
  A ball python (D:4)
  A bat skeleton (D:4)
  5 giant cockroaches
  5 hobgoblins
  3 jackals (D:3)
  7 kobolds
  A quokka (D:2)
  9 bats
  3 giant newts
  10 goblins
  7 rats
73 creatures vanquished.

Vanquished Creatures (collateral kills)
  An ogre (D:4)
  A scorpion (D:4)
  Robin (D:2)
  3 adders
  A giant mite (D:2)
  A worm (D:2)
  An orc (D:4)
  5 bats
  2 hobgoblins (D:2)
  2 kobolds (D:2)
  2 goblins
  2 rats (D:1)
22 creatures vanquished.

Vanquished Creatures (others)
  2 hounds (D:4)
2 creatures vanquished.

Grand Total: 97 creatures vanquished

Notes
Turn   | Place    | Note
--------------------------------------------------------------
     0 | D:1      | RobertPalmer, the Octopode Summoner, began the quest for the Orb.
     0 | D:1      | Reached XP level 1. HP: 11/11 MP: 3/3
   118 | D:1      | Reached XP level 2. HP: 9/17 MP: 2/4
   858 | D:1      | Learned a level 2 spell: Call Imp
  1163 | D:1      | Reached XP level 3. HP: 19/21 MP: 6/6
  1291 | D:2      | Reached skill level 5 in Summonings
  1314 | D:2      | Learned a level 3 spell: Call Canine Familiar
  1441 | D:2      | HP: 5/21 [worm (11)]
  1848 | D:2      | Found a shadowy altar of Dithmenos.
  1893 | D:2      | Reached XP level 4. HP: 27/27 MP: 7/7
  1957 | D:2      | Noticed Ijyb
  1967 | D:2      | Killed Ijyb
  1980 | D:2      | HP: 6/27 [poisoned by Ijyb]
  1985 | D:2      | HP: 5/27 [poisoned by Ijyb]
  1992 | D:2      | HP: 3/27 [poisoned by Ijyb]
  2000 | D:2      | HP: 2/27 [poisoned by Ijyb]
  2319 | D:2      | Noticed Terence
  2360 | D:2      | Reached skill level 6 in Summonings
  2419 | D:2      | Noticed Robin
  2467 | D:2      | Killed Robin
  2469 | D:2      | Reached skill level 1 in Short Blades
  2470 | D:2      | Reached XP level 5. HP: 17/31 MP: 7/9
  3187 | D:3      | Reached skill level 2 in Short Blades
  3562 | D:4      | Got a scorched hand axe
  3590 | D:4      | Learned a level 4 spell: Summon Ice Beast
  3604 | D:4      | Identified the +3 hand axe of Schagoxt {chop, rN+} (You found it on level 4 of the Dungeon)
  3632 | D:4      | Reached skill level 3 in Short Blades
  3638 | D:4      | Reached XP level 6. HP: 31/36 MP: 6/10
  3706 | D:4      | Reached skill level 4 in Short Blades
  3735 | D:4      | Noticed RobertPalmer's ghost (average OpHu)
  4052 | D:3      | HP: 5/36 [worker ant (5)]
  4057 | D:3      | HP: 2/36 [poisoned by a worker ant]
  4062 | D:3      | Gained mutation: Your muscles are strong. (Str +2) [potion of beneficial mutation]
  4062 | D:3      | HP: 4/36 [poisoned by a worker ant]
  4068 | D:3      | HP: 1/36 [poisoned by a worker ant]
  4074 | D:3      | Succumbed to a worker ant's poison

Action                   |  1- 3 |  4- 6 || total
-------------------------+-------+-------++-------
Melee: Unarmed           |    13 |       ||    13
       Dagger            |    48 |    69 ||   117
 Fire: Blowgun           |       |    14 ||    14
 Cast: Summon Small Mamm |     7 |       ||     7
       Call Imp          |     3 |       ||     3
       Call Canine Famil |     2 |    17 ||    19
  Use: Scroll            |       |     9 ||     9
       Potion            |       |     8 ||     8
 Stab: Sleeping          |     6 |     4 ||    10
       Distracted        |       |     3 ||     3
  Eat: Chunk             |     4 |     8 ||    12

Vault maps used:
D:1:      minmay_arrival_radiant_lines
D:2:      st_stairs_14, nicolae_dithmenos_through_a_glass_darkly, uniq_terence,
          uniq_iyjb, uniq_robin
D:3:      gammafunk_temple_overflow_elements, bh_walls_and_bars
D:4:      yredelemnul_forgotten_temple_becter, cheibriados_altar_wand_db,
          first_bread

Table legend:
 A = Turns spent in this place as a percentage of turns spent in the entire game.
 B = Non-inter-level travel turns spent in this place as a percentage of non-inter-level travel turns spent in the entire game.
 C = Inter-level travel turns spent in this place as a percentage of turns spent in this place.
 D = Turns resting spent in this place as a percentage of non-inter-level travel turns spent in this place.
 E = Turns spent auto-exploring this place as a percentage of non-inter-level travel turns spent in this place.
 F = Non-inter-level travel turns spent in this place divided by the number of levels of this place that you've seen.
                   A       B       C       D       E      F
               +-------+-------+-------+-------+-------+----------------------
         Total | 100.0 | 100.0 |   0.5 |   2.2 |   6.7 | 317.0
       Dungeon | 100.0 | 100.0 |   0.5 |   2.2 |   6.7 | 317.0
               +-------+-------+-------+-------+-------+----------------------

Table legend:
 A = Kills in this place as a percentage of kills in entire the game.
 B = Kills by you in this place as a percentage of kills by you in the entire game.
 C = Kills by friends in this place as a percentage of kills by friends in the entire game.
 D = Other kills in this place as a percentage of other kills in the entire game.
 E = Experience gained in this place as a percentage of experience gained in the entire game.
 F = Experience gained in this place divided by the number of levels of this place that you have seen.
                   A       B       C       D       E      F
               +-------+-------+-------+-------+-------+----------------------
         Total | 100.0 | 100.0 | 100.0 |  -nan | 100.0 | 129.0
       Dungeon | 100.0 | 100.0 | 100.0 |  -nan | 100.0 | 129.0
               +-------+-------+-------+-------+-------+----------------------
